 Dungeon Crawl Stone Soup version 0.20.1-1-g8b1a95d (webtiles) character file.

6004 Mitsuki the Geomancer (level 10, -17/59 HPs)
             Began as a Gargoyle Earth Elementalist on Oct 3, 2017.
             Was a Priest of Vehumet.
             Killed by the air
             ... invoked by Gastronok
              (31 damage)
             ... on level 8 of the Dungeon on Oct 4, 2017.
             The game lasted 00:42:00 (12405 turns).

Mitsuki the Geomancer (GrEE)                       Turns: 12405, Time: 00:42:00

Health: -17/59     AC: 11    Str: 12    XL:     10   Next: 85%
Magic:  25/28      EV: 13    Int: 22    God:    Vehumet [***...]
Gold:   532        SH:  0    Dex: 10    Spells: 9/21 levels left

rFire    . . .     SeeInvis +   C - +10 hand axe of the Wolf {speed, rN+ MR+}
rCold    . . .     Gourm    .   (no shield)
rNeg     + + .     Faith    .   L - +0 robe of Gofoytre {rCorr Int+3 Dex+2}
rPois    ∞         Spirit   .   (no helmet)
rElec    +         Reflect  .   y - scarf {cloud immunity}
rCorr    +         Harm     .   (no gloves)
MR       +....                  z - +0 pair of boots
Stlth    ++........             (no amulet)
Regen    0.2/turn               E - ring of magical power
MPRegen  0.3/turn               o - ring of see invisible

@: no status effects
A: rugged brown scales 1, clumsy 1, negative energy resistance 1, electricity
resistance, wild magic 1, unbreathing, petrification resistance, rot immunity,
AC +7
a: Renounce Religion


You were on level 8 of the Dungeon.
You worshipped Vehumet.
Vehumet was most pleased with you.
You were not hungry.

You visited 2 branches of the dungeon, and saw 10 of its levels.

You collected 532 gold pieces.

Inventory:

Hand Weapons
 A - a +1 whip of pain
 C - the +10 hand axe of the Wolf (weapon) {speed, rN+ MR+}
   (You found it on level 4 of the Dungeon)

   Attacks with this weapon are significantly faster.
   It protects you from negative energy.
   It affects your resistance to hostile enchantments.
Missiles
 b - 243 stones (quivered)
Armour
 c - a +0 robe
 y - a scarf of cloud immunity (worn)
 z - a +0 pair of boots (worn)
 L - the +0 robe of Gofoytre (worn) {rCorr Int+3 Dex+2}
   (You found it on level 7 of the Dungeon)

   It affects your intelligence (+3).
   It affects your dexterity (+2).
   It protects you from acid and corrosion.
Magical Staves
 N - an uncursed staff of conjuration
Jewellery
 l - an uncursed ring of protection from cold
 o - a ring of see invisible (right hand)
 E - a ring of magical power (left hand)
 O - an uncursed ring of protection from magic {unknown}
Wands
 m - a wand of confusion (22/48)
 G - a wand of random effects (22/48)
 J - a wand of polymorph (14/24)
 K - a wand of digging (19/24)
Scrolls
 a - a scroll of random uselessness {unknown}
 f - a scroll of fear {unknown}
 g - a scroll of fog {unknown}
 i - 6 scrolls of identify
 j - a scroll of blinking {unknown}
 k - 2 scrolls of magic mapping {unknown}
 n - a scroll of recharging {unknown}
 t - 4 scrolls of teleportation {unknown}
 u - 3 scrolls of enchant weapon {unknown}
 v - 2 scrolls of enchant armour {unknown}
 H - 2 scrolls of remove curse
Potions
 h - 2 potions of flight {unknown}
 q - 3 potions of heal wounds
 s - a potion of ambrosia {unknown}
 w - a potion of magic {unknown}
 x - 3 potions of might {unknown}
 B - 4 potions of curing {unknown}
Books
 e - a book of Geomancy

   Spells                             Type                      Level
   a - Sandblast                      Earth                        1
   b - Passwall                       Transmutation/Earth          2
   c - Stone Arrow                    Conjuration/Earth            3
   d - Petrify                        Transmutation/Earth          4
   e - Lee's Rapid Deconstruction     Earth                        5
 D - a book of Frost

   Spells                             Type                      Level
   a - Freeze                         Ice                          1
   b - Throw Frost                    Conjuration/Ice              2
   c - Ozocubu's Armour               Charms/Ice                   3
   d - Throw Icicle                   Conjuration/Ice              4
   e - Summon Ice Beast               Ice/Summoning                4
 I - a book of Flames

   Spells                             Type                      Level
   a - Flame Tongue                   Conjuration/Fire             1
   b - Throw Flame                    Conjuration/Fire             2
   c - Conjure Flame                  Conjuration/Fire             3
   d - Inner Flame                    Hexes/Fire                   3
   e - Sticky Flame                   Conjuration/Fire             4
   f - Fireball                       Conjuration/Fire             5
Comestibles
 d - 3 bread rations
 p - 2 royal jellies
 r - 5 meat rations
 F - 8 fruits
 M - a chunk of flesh


   Skills:
 + Level 4.8 Fighting
 + Level 4.6 Maces & Flails
 + Level 5.1 Armour
 + Level 4.2 Dodging
 - Level 2.1 Stealth
 + Level 6.1 Spellcasting
 + Level 6.7 Conjurations
   Level 0.7 Transmutations
 + Level 3.9 Fire Magic
 + Level 8.6 Earth Magic
 + Level 4.3 Evocations


You had 9 spell levels left.
You knew the following spells:

 Your Spells              Type           Power        Failure   Level  Hunger
a - Sandblast             Erth           ######       1%          1    None
b - Stone Arrow           Conj/Erth      ######       1%          3    #......
c - Lee's Rapid Deconstr  Erth           ######....   3%          5    #####..
d - Conjure Flame         Conj/Fire      #####...     1%          3    #......


Dungeon Overview and Level Annotations

Branches:
Dungeon (9/15)             Temple (1/1) D:5
   Lair: D:8-11         Orc: D:9-12

Altars:
Ashenzari
Fedhas
Gozag
Kikubaaqudgha
Makhleb
Nemelex Xobeh
Okawaru
Ru
Uskayaw
Vehumet

Annotations:
D:3 Danqa's ghost, amateur HOFi
D:8 Gastronok
D:9 Jannitor's ghost, novice SpCK


Innate Abilities, Weirdness & Mutations

You are resistant to torment.
Your stone body is resilient. (AC +7)
You are immune to poison.
You resist negative energy. (rN+)
You are resistant to electric shocks. (rElec)
You can survive without breathing.
You are immune to petrification.
You are immune to rotting.
You are partially covered in rugged brown scales. (AC +1, +3% HP)
You are clumsy. (Dex -2)
Your spells are a little harder to cast, but a little more powerful.


Message History

Aim: a hound zombie The blast of sand hits the hound zombie.
The hound zombie is almost destroyed.
b - 243 stones The hound zombie barely misses you.
Gastronok waves his eye-stalks in wide circles.
The air twists around and strikes you!
* * * LOW HITPOINT WARNING * * *
The hound zombie barely misses you.
You completely miss the hound zombie.
The hound zombie is almost destroyed.
The hound zombie bites you but does no damage.
You slash the hound zombie!
You destroy the hound zombie!
Vehumet accepts your kill.
You feel your power returning.
Gastronok waves his eye-stalks in wide circles.
The air twists around and strikes you!
Ouch! That really hurt!
You die...

#....### #.# #.##.##.## #....#
##.##### #.##.....# .....#
#......# #.#####..# #...##
###...##.# #.#####..# #...#
#......).# ####........#
#..<#####........#
#%>...#####.##
.......<.........###[†)..# #...
..................§÷w....# ####
................@###.....#
##### #(..#####........#
#.....# #.... #...# ####..##.#
####### #.### #...# #..##.# #.#
#...# #..##.# ########.#
#...########.....# ###.......^#
#...#.......#.######.....######
...................#.#.#.#
.#.##........##.##.#.#.#.#


You could see Gastronok.

Vanquished Creatures
  A two-headed ogre (D:8)
  Joseph (D:9)
  A hippogriff (D:7)
  A wyvern (D:8)
  6 yaks (D:7)
  A hungry ghost (D:8)
  An orc warrior (D:7)
  2 ice beasts
  A black bear (D:8)
  A phantom (D:6)
  2 sky beasts
  2 necrophages (D:6)
  4 centaurs
  4 ogres
  A big kobold (D:8)
  3 bullfrogs
  A scorpion (D:4)
  A water moccasin skeleton (D:4)
  10 killer bees
  2 howler monkeys
  2 crimson imps
  A centaur zombie (D:7)
  A bullfrog zombie (D:9)
  4 hounds
  4 orc priests
  A jelly (D:7)
  9 orc wizards
  A centaur skeleton (D:7)
  A bullfrog skeleton (D:6)
  3 iron imps (D:7)
  8 iguanas
  3 worker ants
  A hound zombie (D:8)
  2 hound skeletons
  A worker ant zombie (D:9)
  10 adders
  7 gnolls
  2 oozes
  An adder zombie (D:9)
  5 worms
  2 dart slugs
  A leopard gecko (D:9)
  27 orcs
  7 giant cockroaches
  5 goblins
  5 hobgoblins
  15 jackals
  7 bats
  5 frilled lizards
  A jackal skeleton (D:4)
  16 kobolds
  A quokka zombie (D:5)
  13 rats
218 creatures vanquished.

Notes
Turn   | Place    | Note
-------+----------+-------------------------------------------
     0 | D:1      | Mitsuki the Gargoyle Earth Elementalist began the quest for the Orb.
     0 | D:1      | Reached XP level 1. HP: 10/10 MP: 3/3
   299 | D:1      | Reached skill level 4 in Earth Magic
   299 | D:1      | Reached XP level 2. HP: 4/15 MP: 3/5
   729 | D:1      | Reached XP level 3. HP: 10/19 MP: 6/6
   945 | D:1      | Learned a level 3 spell: Stone Arrow
  1494 | D:2      | Found a shattered altar of Ashenzari.
  1577 | D:2      | Reached skill level 1 in Conjurations
  1745 | D:2      | Reached XP level 4. HP: 24/24 MP: 8/8
  2118 | D:3      | Noticed Danqa's ghost (amateur HOFi)
  2464 | D:3      | Reached skill level 5 in Earth Magic
  2819 | D:3      | Reached XP level 5. HP: 27/28 MP: 9/9
  4211 | D:4      | Reached XP level 6. HP: 26/32 MP: 11/11
  4270 | D:4      | Learned a level 5 spell: Lee's Rapid Deconstruction
  4471 | D:4      | Reached skill level 6 in Earth Magic
  4605 | D:4      | Found an iron altar of Okawaru.
  4721 | D:4      | Got a dazzling hand axe
  4821 | D:3      | Reached XP level 7. HP: 21/36 MP: 13/13
  4824 | D:3      | Identified the +10 hand axe of the Wolf {speed, rN+ MR+} (You found it on level 4 of the Dungeon)
  5306 | D:4      | Found an ancient bone altar of Kikubaaqudgha.
  5412 | D:5      | Entered Level 5 of the Dungeon
  5524 | D:5      | Reached skill level 1 in Armour
  6168 | D:5      | Reached skill level 1 in Fighting
  6212 | D:5      | Found a staircase to the Ecumenical Temple.
  6219 | Temple   | Entered the Ecumenical Temple
  6303 | Temple   | Became a worshipper of Vehumet
  6353 | D:5      | Reached skill level 1 in Maces & Flails
  6599 | D:5      | Found a blossoming altar of Fedhas.
  7179 | D:6      | Reached skill level 1 in Evocations
  7179 | D:6      | Reached XP level 8. HP: 43/43 MP: 11/14
  7294 | D:5      | Gained mutation: You are partially covered in rugged brown scales. (AC +1, +3% HP) [mutagenic meat]
  7295 | D:5      | Gained mutation: You are clumsy. (Dex -2) [mutagenic meat]
  7296 | D:5      | Gained mutation: Your spells are a little harder to cast, but a little more powerful. [mutagenic meat]
  7320 | D:6      | Learned a level 3 spell: Conjure Flame
  7415 | D:6      | Reached skill level 7 in Earth Magic
  8098 | D:6      | Reached skill level 1 in Fire Magic
  8302 | D:7      | Reached * piety under Vehumet
  8302 | D:7      | Offered knowledge of Sting by Vehumet.
  8491 | D:7      | Reached skill level 5 in Conjurations
  8759 | D:7      | Got a faintly humming robe
  8765 | D:7      | Reached skill level 5 in Spellcasting
  8765 | D:7      | Reached XP level 9. HP: 45/50 MP: 16/16
  8807 | D:6      | Identified the cursed +0 robe of Gofoytre {rCorr Int+3 Dex+2} (You found it on level 7 of the Dungeon)
  9330 | D:7      | Found a burning altar of Makhleb.
 10510 | D:8      | Reached XP level 10. HP: 55/57 MP: 18/18
 10696 | D:8      | Reached skill level 8 in Earth Magic
 10792 | D:8      | Reached ** piety under Vehumet
 10808 | D:8      | Offered knowledge of Shock by Vehumet.
 11183 | D:8      | Noticed a two-headed ogre
 11195 | D:8      | Killed a two-headed ogre
 11641 | D:9      | Noticed Gastronok
 11641 | D:9      | Noticed Jannitor's ghost (novice SpCK)
 12045 | D:9      | Offered knowledge of Dazzling Spray by Vehumet.
 12074 | D:9      | Noticed Joseph
 12097 | D:9      | Killed Joseph
 12097 | D:9      | Reached skill level 5 in Armour
 12385 | D:9      | Reached *** piety under Vehumet
 12405 | D:8      | Killed from afar by Gastronok

Skill      XL: |  1  2  3  4  5  6  7  8  9 10 |
---------------+-------------------------------+-----
Earth Magic    | 4 5 6 7 8 |  8.6
Conjurations   | 1 3 4 5 6 |  6.7
Spellcasting   | 3 4 5 6 |  6.1
Armour         | 1 2 4 5 |  5.1
Dodging        | 2 3 4 |  4.2
Fighting       | 1 2 3 4 |  4.8
Maces & Flails | 1 2 3 4 |  4.6
Evocations     | 1 2 3 4 |  4.3
Fire Magic     | 1 2 3 |  3.9
Stealth        | |  2.1
Transmutations | |  0.7

Action                   |  1- 3 |  4- 6 |  7- 9 | 10-12 || total
-------------------------+-------+-------+-------+-------++-------
Melee: Short sword       |    23 |       |       |       ||    23
       Dagger            |   132 |   151 |       |       ||   283
       War axe           |       |    49 |       |       ||    49
       Hand axe          |       |       |   241 |   117 ||   358
 Cast: Sandblast         |     2 |    13 |    27 |    32 ||    74
       Stone Arrow       |       |       |     3 |     9 ||    12
       Conjure Flame     |       |       |       |     9 ||     9
       Lee's Rapid Decon |       |       |       |     4 ||     4
  Use: Scroll            |       |       |     4 |       ||     4
 Stab: Sleeping          |     2 |     6 |       |     2 ||    10
  Eat: Chunk             |     3 |     8 |    16 |     5 ||    32
       Royal jelly       |       |     1 |     2 |     2 ||     5
Armor: Robe              |    55 |    75 |    67 |    51 ||   248
Dodge: Dodged            |   115 |   134 |   113 |    84 ||   446
